 Dungeon Crawl Stone Soup version 0.28.0 (webtiles) character file.

Game seed: 15193078574105223404

109 Crownlay the Skirmisher (level 4, 0/35 HPs)
             Began as a Demonspawn Gladiator on Feb 12, 2022.
             Was a Follower of Cheibriados.
             Slain by a gnoll (1 damage)
             ... on level 3 of the Dungeon.
             The game lasted 00:02:59 (2334 turns).

Crownlay the Skirmisher (Demonspawn Gladiator)      Turns: 2334, Time: 00:02:59

Health: 0/35       AC:  9    Str: 16    XL:     4   Next: 60%
Magic:  5/5        EV: 11    Int: 12    God:    Cheibriados [*.....]
Gold:   65         SH:  0    Dex: 18    Spells: 3/3 levels left

rFire   . . .      SeeInvis .   a - +0 long sword
rCold   . . .      Faith    .   (no shield)
rNeg    . . .      Spirit   .   i - +0 ring mail
rPois   .          Reflect  .   c - +0 helmet
rElec   .          Harm     .   (no cloak)
rCorr   .          Rampage  .   (no gloves)
Will    .....                   (no boots)
Stlth   +.........              (no amulet)
HPRegen 0.11/turn               (no ring)
MPRegen 0.09/turn               (no ring)

@: very slow
A: icy blue scales 2
a: Renounce Religion, Bend Time


You were on level 3 of the Dungeon.
You worshipped Cheibriados.
Cheibriados was aware of your devotion.
You visited 1 branch of the dungeon, and saw 3 of its levels.

You collected 65 gold pieces.

Inventory:

Hand Weapons
 a - a +0 long sword (weapon)
Missiles
 d - 2 throwing nets (quivered)
Armour
 c - a +0 helmet (worn)
 h - a +0 tower shield
 i - a +0 ring mail (worn)
Scrolls
 b - a scroll of blinking {unknown}
 e - 2 scrolls of identify
 g - a scroll of vulnerability


   Skills:
 * Level 3.5 Fighting
 + Level 3.3 Long Blades
 - Level 1.7 Throwing
 - Level 2.6 Dodging
 + Level 1.1 Shields
 * Level 2.1 Invocations


You had 3 spell levels left.
You didn't know any spells.
Your spell library was empty.

Dungeon Overview and Level Annotations

Branches:
Dungeon (3/15)

Altars:
Cheibriados


Innate Abilities, Weirdness & Mutations

You are mostly covered in icy blue scales. (AC +3)


Message History

You closely miss the gnoll.
The gnoll is moderately wounded.
The gnoll barely misses you. The gnoll misses you.
The gnoll closely misses you.
You slash the gnoll!
You kill the gnoll!
Cheibriados appreciates the change of pace.
The gnoll hits you from afar with a +0 spear.
The gnoll closely misses you. The gnoll barely misses you.
Throw: 3 throwing nets
Press: ? - help, Q - select action, (/) - cycle Shift-Dir - straight line, f - gnoll
Aim: a gnoll, wielding a +0 spear (65% to hit)
You throw a throwing net.
The throwing net barely misses the gnoll.
The gnoll misses you.
The gnoll hits you from afar with a +0 spear.
* * * LOW HITPOINT WARNING * * *
Okay, then.
You aren't carrying any potions.
Unknown command.
Okay, then.
The gnoll barely misses you.
The gnoll hits you from afar with a +0 spear.
* * * LOW HITPOINT WARNING * * *
The gnoll hits you with a +0 spear.
* * * LOW HITPOINT WARNING * * *
You hit the gnoll but do no damage. The gnoll closely misses you.
The gnoll hits you with a +0 spear.
* * * LOW HITPOINT WARNING * * *
You slash the gnoll!
The gnoll is heavily wounded.
The gnoll hits you but does no damage. The gnoll closely misses you.
The gnoll hits you from afar with a +0 spear.
* * * LOW HITPOINT WARNING * * *
You closely miss the gnoll.
The gnoll is heavily wounded.
The gnoll hits you with a +0 spear.
* * * LOW HITPOINT WARNING * * *
The gnoll hits you from afar with a +0 spear.
You die...

##..#.#
###..##..
##...#####
###..### #.†.##
. ####.### ...
##....#
.....####.†####
.....gg@..##
.....g#####
..... (... ###


You could see 3 gnolls.

Vanquished Creatures
  A gnoll shaman (D:3)
  A gnoll (D:3)
  2 adders
  3 dart slugs
  8 ball pythons
  4 endoplasms
  3 giant cockroaches
  A goblin (D:2)
  4 hobgoblins
  5 kobolds
  2 quokkas
  5 bats
  3 frilled lizards (D:2)
  7 rats
49 creatures vanquished.

Notes
Turn   | Place    | Note
-------+----------+-------------------------------------------
     0 | D:1      | Crownlay the Demonspawn Gladiator began the quest for the
                  | Orb.
     0 | D:1      | Reached XP level 1. HP: 16/16 MP: 1/1
   265 | D:1      | Gained mutation: You are partially covered in icy blue
                  | scales. (AC +2) [demonic ancestry]
   265 | D:1      | Reached XP level 2. HP: 22/23 MP: 2/2
  1342 | D:2      | Found a snail-covered altar of Cheibriados.
  1349 | D:2      | Became a worshipper of Cheibriados the Contemplative
  1352 | D:2      | Gained mutation: You are mostly covered in icy blue scales.
                  | (AC +3) [demonic ancestry]
  1352 | D:2      | Reached XP level 3. HP: 29/29 MP: 3/3
  1477 | D:2      | Found a faded altar of an unknown god.
  1834 | D:2      | Reached skill level 1 in Invocations
  2130 | D:3      | Reached * piety under Cheibriados
  2143 | D:3      | Reached XP level 4. HP: 22/35 MP: 5/5
  2326 | D:3      | Reached skill level 1 in Shields
  2334 | D:3      | HP: 1/35 [gnoll (1)]
  2334 | D:3      | Slain by a gnoll

Illustrated notes

Levels and vault maps discovered:
D:1:      amcnicky_arrival_feature_with_door, layout_basic
D:2:      layout_loops_ring, dreamdust_ecumenical_altar_statues, basic_altar,
          grunt_ministairs_6
D:3:      layout_rooms

Skill      XL: |  1  2  3  4 |
---------------+-------------+-----
Long Blades    | 3 |  3.3
Fighting       | 3 |  3.5
Invocations    | 1 2 |  2.1
Shields        | 1 |  1.1
Throwing       | |  1.7
Dodging        | |  2.6

Action                   |  1- 3 |  4- 6 || total
-------------------------+-------+-------++-------
Melee: Long sword        |   143 |    22 ||   165
       Punch             |     1 |     1 ||     2
Throw: Throwing net      |       |     1 ||     1
  Use: Scroll            |     1 |       ||     1
       Potion            |     1 |       ||     1
Armor: Leather armour    |    43 |       ||    43
       Ring mail         |    72 |    14 ||    86
Dodge: Dodged            |   122 |    21 ||   143
